Map: Catalyst LE

Players

Counterist - Winner!

  • Race: Protoss Protoss
  • Spawn Location: 5:00

Typo

  • Race: Zerg Zerg
  • League: Platinum
  • Spawn Location: 11:00

VOD

Have the link to the VOD?

Description

Time

  • Played on: April 21, 2018, 3:37 p.m.
  • Length: 10:14
Show
View Real Time Build Order
Export as new Build Order

Counterist Protoss - Winner!

Build Orders: 1 Gate Expand 

Get SALT Encoding   

  12  0:00  Probe  
  13  0:12  Probe  
  14  0:21  Pylon  
  14  0:24  Probe  
  15  0:39  Probe  
  15  0:40  Gateway  
  16  0:47  Probe, Assimilator  
  16  0:55  Probe  
  18  1:06  Probe  
  19  1:18  Probe  
  20  1:29  Nexus  
  20  1:42  Cybernetics Core  
  20  1:45  Probe  
  21  1:55  Pylon  
  21  1:57  Probe  
  21  1:59  Assimilator  
  22  2:09  Probe  
  22  2:14  Gateway, Adept  
  23  2:18  Warp Gate  
  24  2:41  Probe x2  
  26  2:53  Probe  
  26  2:54  Probe  
  26  2:55  Adept  
  30  3:02  Adept  
  32  3:05  Probe  
  32  3:06  Probe  
  32  3:12  Twilight Council  
  34  3:18  Probe x2  
  36  3:29  Shield Battery  
  36  3:30  Probe x2  
  38  3:37  Adept  
  38  3:38  Probe x2  
  38  3:40  Zealot  
  32  3:41  Charge  
  42  3:46  Probe x2  
  44  4:29  Probe x2  
  46  4:36  Robotics Facility  
  46  4:38  Dark Shrine  
  42  4:39  Pylon  
  42  4:41  Probe x2  
  42  4:42  Gateway  
  42  4:45  Forge  
  44  4:53  Probe x2  
  44  4:57  Shield Battery  
  46  5:05  Pylon, Probe x2  
  48  5:08  Pylon  
  48  5:11  Assimilator  
  48  5:14  Assimilator  
  48  5:17  Probe x2, Adept x2  
  54  5:21  Protoss Ground Weapons Level 1  
  54  5:23  Resonating Glaives  
  54  5:29  Probe  
  54  5:30  Probe  
  54  5:31  Gateway  
  56  5:36  Forge  
  56  5:39  Adept x2  
  64  5:47  Gateway  
  60  5:50  Pylon  
  60  5:51  Immortal  
  60  5:54  Probe x2  
  66  6:06  Probe x2  
  66  6:07  Dark Templar  
  66  6:08  Dark Templar x2  
  68  6:54  Dark Templar x3  
  70  6:57  Probe x2  
  70  6:58  Protoss Ground Weapons Level 2  
  74  7:01  Warp Prism  
  74  7:03  Protoss Ground Armor Level 1  
  76  7:09  Probe  
  76  7:10  Probe  
  78  7:18  Nexus  
  78  8:23  Pylon  
  78  8:25  Pylon  
  78  8:28  Immortal  
  78  8:30  Probe x2  
  78  8:33  Dark Templar  
  78  8:34  Dark Templar x2  
  86  8:42  Probe x2  
  86  8:46  Gateway  
  80  8:49  Gateway  
  80  8:52  Pylon  
  80  8:54  Probe  
  81  8:57  Dark Templar  
  83  9:08  Immortal  
  87  9:33  Dark Templar x4  
  95  9:43  Shield Battery  
  95  9:45  Shield Battery  
  95  9:47  Shield Battery x2  
  95  9:51  Pylon  
Show
View Real Time Build Order
Export as new Build Order

Typo Zerg 

Build Orders: Pool First 

Get SALT Encoding   

  12  0:01  Drone  
  13  0:12  Overlord  
  13  0:17  Drone  
  14  0:30  Extractor  
  13  0:37  Spawning Pool  
  13  0:42  Drone  
  13  0:46  Drone  
  14  0:50  Drone  
  14  0:56  Drone  
  16  1:03  Drone  
  17  1:29  Hatchery  
  17  1:32  Zergling x2  
  17  1:39  Metabolic Boost  
  17  1:53  Roach Warren  
  16  1:56  Zergling x2  
  16  2:57  Drone x3  
  16  2:58  Drone x2  
  21  3:03  Roach  
  23  3:09  Queen  
  23  3:11  Queen  
  27  3:22  Drone  
  27  3:23  Overlord x2  
  27  3:26  Overlord  
  28  3:43  Roach x3  
  34  4:02  Roach x3  
  29  4:25  Drone x5  
  32  4:49  Drone x3  
  32  4:50  Drone x3  
  38  4:53  Drone  
  38  4:54  Roach x5  
  39  5:05  Drone x2  
  41  5:08  Ravager x5  
  41  5:14  Ravager x2  
  41  5:15  Ravager x2  
  41  5:17  Drone x2  
  47  5:23  Drone  
  47  5:24  Drone  
  49  5:31  Drone x2  
  49  5:32  Overlord  
  51  5:38  Extractor  
  51  5:40  Drone  
  51  5:42  Overlord  
  51  6:09  Queen  
  51  6:10  Queen  
  55  6:17  Roach x6  
  67  6:21  Overlord  
  67  6:26  Overlord  
  62  7:07  Drone  
  62  7:08  Drone x11  
  49  7:45  Spore Crawler x2  
  41  8:23  Hatchery  
  33  9:03  Hatchery  
  32  9:54  Drone  
Tags
 
Add a new tag
Caveats
  • Supply blocks, unpowered buildings, or Contaminate may cause inaccurate times.
  • Supply counts are checked every 10 seconds.